 Dungeon Crawl Stone Soup version bcrawl-1.27.6 (webtiles) character file.

Game seed: 1568844379232161790

175512 Freyura the Cudgeler (level 5, -3/61 HPs)
             Began as a Demonspawn Gladiator on Sept 15, 2020.
             Killed by divine providence
             ... invoked by an orc priest
              (10 damage)
             ... on level 3 of the Dungeon.
             The game lasted 00:03:44 (1893 turns).

Freyura the Cudgeler (Demonspawn Gladiator)         Turns: 1893, Time: 00:03:45

Health: -3/61      AC: 22    Str: 15    XL:     5   Next: 17%
Magic:  5/5        EV:  1    Int:  9    God:
Gold:   178        SH:  0    Dex: 15    Spells: 4/4 levels left

rFire    . . .     SeeInvis .   a - +0 flail
rCold    . . .     Gourm    .   (no shield)
rNeg     + + +     Faith    .   (armour currently unavailable)
rPois    +         Spirit   .   (helmet currently unavailable)
rElec    .         Reflect  .   (cloak currently unavailable)
rCorr    .         Harm     .   (gloves currently unavailable)
MR       .....     NoTele   +   (boots currently unavailable)
Stlth    +.........             (no amulet)
HPRegen  0.20/turn              (no ring)
MPRegen  0.09/turn              (no ring)

@: lethally poisoned (-3 -> -4), tree-form
A: giant, powered by death 1
a: no special abilities


You were on level 3 of the Dungeon.
You were not hungry.
You were a tree.
You visited 1 branch of the dungeon, and saw 3 of its levels.

You collected 178 gold pieces.

Inventory:

Hand Weapons
 a - a +0 flail (weapon)
Missiles
 d - 3 throwing nets {=f}
Armour
 b - a +0 leather armour
 c - a +0 helmet (melded)
 f - a +0 ring mail (melded)
 i - a +0 pair of boots (melded)
Scrolls
 h - a scroll of immolation {unknown}
 j - 2 scrolls of identify
 k - a scroll of magic mapping {unknown}
 o - a scroll of noise {unknown}
Potions
 l - a potion of heal wounds {unknown}
 m - 2 potions of curing {unknown}
 n - a potion of agility {unknown}
 p - 2 potions of flight {unknown}
Comestibles
 e - 5 rations {!d}


   Skills:
 + Level 3.0 Fighting
 * Level 4.0 Maces & Flails
 - Level 1.7 Throwing
 + Level 1.7 Armour
 + Level 3.4 Dodging


You had 4 spell levels left.
You didn't know any spells.
Your spell library was empty.

Dungeon Overview and Level Annotations

Branches:
Dungeon (3/12)

Altars:
Wu Jian


Innate Abilities, Weirdness & Mutations

((You have large cloven feet.))
You regenerate a little health from kills.


Message History

The orc hits you but does no damage. The adder bites you but does no damage.
You sock the orc!
You kill the orc!
Your Fighting skill increases to level 3!
The adder bites you but does no damage.
The orc priest hits you but does no damage.
You barely miss the orc priest.
You feel sick. The adder bites you but does no damage.
The orc priest hits you but does no damage.
The adder bites you but does no damage.
You sock the orc priest!
The orc priest is heavily wounded.
The adder bites you but does no damage.
The orc priest hits you but does no damage.
You sock the orc priest!
The orc priest is almost dead.
You feel sick. The adder bites you but does no damage.
The orc priest mumbles some strange prayers to Beogh against you.
Beogh smites you!
You die...

## ..# .... ..#
... ##.#
#..[############.#
#..oo♣S...<......#
#..o###########..#
####


You could see an orc priest, an adder and 2 orcs.

Vanquished Creatures
  4 orc wizards (D:3)
  An adder (D:3)
  2 worms
  2 dart slugs (D:1)
  3 orcs (D:3)
  A giant cockroach (D:1)
  3 goblins
  A hobgoblin (D:1)
  A jackal (D:2)
  4 bats
  3 frilled lizards (D:1)
  5 kobolds
  A rat (D:2)
31 creatures vanquished.

Notes
Turn   | Place    | Note
-------+----------+-------------------------------------------
     0 | D:1      | Freyura the Demonspawn Gladiator began the quest for the
                  | Orb.
     0 | D:1      | Reached XP level 1. HP: 16/16 MP: 1/1
   359 | D:1      | Gained mutation: You regenerate a little health from kills.
                  | [demonic ancestry]
   359 | D:1      | Reached XP level 2. HP: 22/22 MP: 2/2
   456 | D:1      | Reached skill level 3 in Maces & Flails
  1361 | D:2      | Reached XP level 3. HP: 28/28 MP: 3/3
  1409 | D:2      | Found an ornate altar of the Wu Jian Council.
  1844 | D:3      | Reached skill level 1 in Armour
  1862 | D:3      | Gained mutation: You have large cloven feet. [demonic
                  | ancestry]
  1862 | D:3      | Reached XP level 4. HP: 28/34 MP: 4/4
  1877 | D:3      | Reached XP level 5. HP: 3/40 MP: 5/5
  1882 | D:3      | Reached skill level 4 in Maces & Flails
  1893 | D:3      | Killed from afar by an orc priest

Skill      XL: |  1  2  3  4  5 |
---------------+----------------+-----
Maces & Flails | 3 4 |  4.0
Dodging        | 3 |  3.4
Armour         | 1 |  1.7
Fighting       | 3 |  3.0
Throwing       | |  1.7

Action                   |  1- 3 |  4- 6 || total
-------------------------+-------+-------++-------
Melee: Flail             |    85 |    29 ||   114
  Use: Potion            |       |     1 ||     1
  Eat: Chunk             |     3 |       ||     3
       Ration            |       |     1 ||     1
Armor: Leather armour    |     4 |       ||     4
       Ring mail         |    20 |     2 ||    22
       Skin              |       |    22 ||    22
Dodge: Dodged            |    63 |     7 ||    70
